 Dungeon Crawl Stone Soup version 0.19.1-1-g22dce08 (webtiles) character file.

78 theAP the Insei (level 4, -3/29 HPs)
             Began as an Octopode Transmuter on Jan 16, 2017.
             Slain by Natasha (6 damage)
             ... on level 2 of the Dungeon.
             The game lasted 00:02:43 (1402 turns).

theAP the Insei (Octopode Transmuter)               Turns: 1402, Time: 00:02:44

Health: -3/29      AC:  6    Str: 10    XL:     4   Next: 36%
Magic:  8/8        EV: 13    Int: 15    God:
Gold:   58         SH:  0    Dex: 12    Spells: 1 memorised, 7 levels left

rFire  + . .     SeeInvis .       - Unarmed
rCold  + . .     Gourm    .     (no shield)
rNeg   . . .     Faith    .     (helmet restricted)
rPois  +         Spirit   .     (no amulet)
rElec  +         Reflect  .     e - +5 ring of protection
rCorr  +         Harm     .     k - ring of protection from magic
MR     +....                    (no ring)
Stlth  ++........               (no ring)
                                (no ring)
                                (no ring)
                                (no ring)
                                (no ring)

@: resistant
A: almost no armour, stealthy swim, amphibious, 8 rings, constrict 8, camouflage
1, gelatinous body 1
a: no special abilities


You were on level 2 of the Dungeon.
You were hungry.

You visited 1 branch of the dungeon, and saw 2 of its levels.

You collected 58 gold pieces.

Inventory:

Missiles
 a - 41 arrows
Jewellery
 e - a +5 ring of protection (left tentacle)
 j - an uncursed ring of flight {unknown}
 k - a ring of protection from magic (right tentacle)
Scrolls
 d - a scroll of fog
Potions
 g - a potion of beneficial mutation {unknown}
 i - a potion of ambrosia
Books
 b - a book of Changes

   Spells                             Type                      Level
   a - Beastly Appendage              Transmutation                1
   b - Sticks to Snakes               Transmutation                2
   c - Spider Form                    Transmutation/Poison         3
   d - Ice Form                       Ice/Transmutation            4
   e - Blade Hands                    Transmutation                5
Comestibles
 c - a bread ration
 f - a meat ration


   Skills:
 + Level 2.0 Fighting
 - Level 2.0 Dodging
 + Level 3.6 Unarmed Combat
 + Level 2.6 Spellcasting
 + Level 2.8 Transmutations


You had 7 spell levels left.
You knew the following spells:

 Your Spells              Type           Power        Failure   Level  Hunger
a - Beastly Appendage     Tmut           ##....       10%         1    #......


Dungeon Overview and Level Annotations

Branches:
Dungeon (2/15)

Altars:

Annotations:
D:2 Natasha


Innate Abilities, Weirdness & Mutations

You cannot wear most types of armour.
You are very stealthy in the water. (Stealth+)
You are amphibious.
You can wear up to eight rings at the same time.
You can use your tentacles to constrict eight enemies at once.
Your skin changes colour to match your surroundings (Stealth+).
Your rubbery body absorbs attacks. (AC +1, EV +1)


Message History

Natasha wildly gestures.
Natasha glows brightly for a moment.
Natasha claws you!
* * * LOW HITPOINT WARNING * * *
The crimson imp blinks!
You barely miss Natasha. You grab Natasha.
Natasha is moderately wounded.
You constrict Natasha.
The crimson imp shouts, "Escape, thou infectious clapper-clawed nobody!"
Natasha claws you.
* * * LOW HITPOINT WARNING * * *
You tentacle-slap Natasha but do no damage.
Natasha is moderately wounded.
You constrict Natasha. Natasha barely misses you.
You barely miss Natasha. You squeeze Natasha.
Natasha is almost dead.
You constrict Natasha.
The crimson imp disappears in a puff of smoke!
Natasha claws you.
You die...

#....# ##(#
#.##..###....###.#
#....# #.#
#[###.##......##.#
#....#
#.####'###............#
#.##....##..........###
#..#....#############
## #....# ###'## #.#
#@# #h# #K# 5ยง. .....
....... ........#
#........# #..r.....#


You could see Natasha, a crimson imp and a kobold.

Vanquished Creatures
  2 adders (D:2)
  3 worms (D:2)
  A dart slug (D:1)
  A leopard gecko (D:1)
  A ball python (D:1)
  2 giant cockroaches
  5 goblins
  3 hobgoblins
  5 jackals (D:1)
  7 kobolds
  A quokka (D:2)
  5 bats
  A frilled lizard (D:1)
  10 rats
47 creatures vanquished.

Notes
Turn   | Place    | Note
-------+----------+-------------------------------------------
     0 | D:1      | theAP the Octopode Transmuter began the quest for the Orb.
     0 | D:1      | Reached XP level 1. HP: 13/13 MP: 3/3
   170 | D:1      | Reached XP level 2. HP: 8/18 MP: 5/5
   507 | D:1      | Reached XP level 3. HP: 10/23 MP: 6/6
  1039 | D:2      | Reached XP level 4. HP: 9/29 MP: 7/7
  1372 | D:2      | Noticed Natasha
  1402 | D:2      | Slain by Natasha

Skill      XL: |  1  2  3  4 |
---------------+-------------+-----
Fighting       | 2 |  2.0
Dodging        | |  2.0
Unarmed Combat | |  3.6
Spellcasting   | |  2.6
Transmutations | |  2.8

Action                   |  1- 3 |  4- 6 || total
-------------------------+-------+-------++-------
Melee: Unarmed           |    77 |    45 ||   122
       Constrict         |    23 |    12 ||    35
       Tentacles         |    12 |    10 ||    22
       Punch             |     3 |       ||     3
  Use: Scroll            |     4 |     1 ||     5
       Potion            |       |     3 ||     3
 Stab: Sleeping          |     4 |       ||     4
  Eat: Chunk             |       |     1 ||     1
Armor: Skin              |    32 |    19 ||    51
Dodge: Dodged            |    52 |    36 ||    88
